 Dungeon Crawl Stone Soup version 0.25.0-11-g1f837a76a1 (webtiles) character file.

Game seed: 4247512989654622137

65 Acheron the Skirmisher (level 4, 0/28 HPs)
             Began as a Gargoyle Abyssal Knight on June 27, 2020.
             Was a Believer of Lugonu.
             Slain by an iguana (9 damage)
             ... on level 4 of the Dungeon.
             The game lasted 00:09:00 (2550 turns).

Acheron the Skirmisher (Gargoyle Abyssal Knight)    Turns: 2550, Time: 00:09:01

Health: 0/28       AC: 12    Str: 16    XL:     4   Next: 13%
Magic:  5/5        EV: 10    Int: 12    God:    Lugonu [**....]
Gold:   134        SH:  0    Dex: 10    Spells: 1/4 levels left

rFire    . . .     SeeInvis .   a - +1 hand axe
rCold    . . .     Gourm    .   (no shield)
rNeg     + . .     Faith    .   s - +0 ring mail
rPois    ∞         Spirit   .   w - +0 helmet
rElec    +         Reflect  .   m - +1 cloak
rCorr    .         Harm     .   (no gloves)
MR       .....                  (no boots)
Stlth    +.........             (no amulet)
HPRegen  0.09/turn              (no ring)
MPRegen  0.09/turn              (no ring)

@: no status effects
A: negative energy resistance 1, electricity resistance, unbreathing,
petrification resistance, rot immunity, AC +3
a: Depart the Abyss, Bend Space, Renounce Religion


You were on level 4 of the Dungeon.
You worshipped Lugonu.
Lugonu was pleased with you.
You were not hungry.

You visited 1 branch of the dungeon, and saw 5 of its levels.
You visited the Abyss 1 time.

You collected 134 gold pieces.

Inventory:

Hand Weapons
 a - a +1 hand axe (weapon)
 h - a +0 short sword
 y - the +7 falchion of Xiriov {chaos, Str+3}
   (You found it on level 4 of the Dungeon)

   Each time it hits an enemy it has a different, random effect.
   It affects your strength (+3).
Missiles
 d - 86 stones (quivered)
 u - 5 boomerangs
Armour
 b - a +0 leather armour
 m - a +1 cloak (worn)
 s - a +0 ring mail (worn)
 w - a +0 helmet (worn)
Jewellery
 n - a cursed ring of attention {unknown}
 o - an uncursed amulet of regeneration {unknown}
Scrolls
 e - 3 scrolls of identify
 f - 4 scrolls of remove curse
 g - a scroll of teleportation {unknown}
 p - a scroll of immolation
 x - 2 scrolls of random uselessness
Potions
 i - 2 potions of brilliance {unknown}
 j - 2 potions of flight {unknown}
 l - a potion of stabbing {unknown}
 t - a potion of curing {unknown}
 v - a potion of lignification {unknown}
 z - a potion of haste {unknown}
Comestibles
 c - 8 rations
 r - 5 chunks of flesh


   Skills:
 * Level 3.6 Fighting
 + Level 2.0 Axes
 * Level 0.8 Throwing
 * Level 2.5 Armour
 * Level 1.2 Dodging
 * Level 1.5 Stealth
 * Level 0.7 Spellcasting
 * Level 0.2 Conjurations
 * Level 2.4 Invocations


You had one spell level left.
You knew the following spells:

 Your Spells              Type           Power        Failure   Level  Hunger
a - Magic Dart            Conj           #...         47%         1    ##.....
b - Blink                 Tloc           N/A          65%         2    ###....

Your spell library contained the following spells:

 Spells                   Type           Power        Failure   Level  Hunger
 Call Imp                 Summ           #.......     65%         2    ###....
 Slow                     Hex            #.......     65%         2    ###....
 Conjure Flame            Conj/Fire      #.......     86%         3    ####...
 Mephitic Cloud           Conj/Pois/Air  #.......     86%         3    ####...


Dungeon Overview and Level Annotations

Branches:
Dungeon (5/15)
 Temple: D:4-7

Altars:


Innate Abilities, Weirdness & Mutations

You are resistant to torment.
Your stone body is resilient. (AC +3)
You are immune to poison.
You resist negative energy. (rN+)
You are resistant to electric shocks. (rElec)
You can survive without breathing.
You are immune to petrification.
You are immune to rotting.


Message History

It is a scroll of identify.
y - the +7 falchion of Xiriov {chaos, Str+3} The iguana bites you.
Okay, then.
The iguana closely misses you.
You hit the iguana but do no damage. The iguana bites you. x2
You hit the iguana but do no damage. The iguana closely misses you.
As you read the scroll labeled TANIJEOLEY, it crumbles to dust.
The creatures around you are filled with an inner flame!
It was a scroll of immolation.
The iguana barely misses you.
As you read the scroll labeled FUNWAI ZANIGUN, it crumbles to dust.
You hear a crunching sound.
It was a scroll of random uselessness.
The iguana misses you.
As you read the scroll labeled LAECIM DYXATEI, it crumbles to dust.
It is a scroll of enchant armour.
Your +0 cloak glows green for a moment.
The iguana bites you but does no damage.
As you read the scroll labeled JUESHROEMYRCH, it crumbles to dust.
The scroll dissolves into smoke.
It was a scroll of fog.
The iguana bites you!
You die...

+........
#........
#........
#########........
#........<..#
#...........#
#...........# ....
+...§§§.....# ...$
#...l@§.....#
.....
#...§§§.....#
.....
#..§........#
#..###...........#
#.....##########
#.....# #.....#
#.....# #.....#


You could see an iguana (inner flame).

Vanquished Creatures
  2 adders
  A worm (D:2)
  An orc (D:5)
  2 ball pythons (D:1)
  A giant cockroach (D:2)
  6 goblins
  5 hobgoblins
  3 jackals (D:1)
  A quokka (D:2)
  4 bats
  4 frilled lizards (D:1)
  7 kobolds
  4 rats
41 creatures vanquished.

Notes
Turn   | Place    | Note
-------+----------+-------------------------------------------
     0 | Abyss:1  | Acheron the Gargoyle Abyssal Knight began the quest for the
                  | Orb.
     0 | Abyss:1  | Reached XP level 1. HP: 14/14 MP: 2/2
    34 | Abyss:1  | Found a corrupted altar of Lugonu.
    40 | D:1      | Escaped the Abyss
   198 | D:1      | Reached XP level 2. HP: 11/19 MP: 3/3
   426 | D:1      | Reached skill level 1 in Stealth
   811 | D:1      | Reached skill level 1 in Dodging
   811 | D:1      | Reached XP level 3. HP: 18/23 MP: 4/4
  1224 | D:2      | Reached ** piety under Lugonu
  1972 | D:2      | Found a faded altar of an unknown god.
  2391 | D:3      | Learned a level 1 spell: Magic Dart
  2394 | D:3      | Learned a level 2 spell: Blink
  2402 | D:5      | Entered Level 5 of the Dungeon
  2528 | D:4      | Reached XP level 4. HP: 20/28 MP: 5/5
  2533 | D:4      | Got a scorched falchion
  2538 | D:4      | Identified the +7 falchion of Xiriov {chaos, Str+3} (You
                  | found it on level 4 of the Dungeon)
  2550 | D:4      | Slain by an iguana

Illustrated notes

Levels and vault maps discovered:
D:1:      wander_arrival_abandoned_jail, layout_basic
D:2:      layout_basic, chequers_ecumenical_altar_grove
D:3:      layout_loops_ring, lemuel_coloured_pillars_altar, uniq_robin
D:4:      layout_gridville, serial_shops, shop, uniq_ijyb
D:5:      layout_loops_ring, grunt_temple_overflow_open, first_ration

Skill      XL: |  1  2  3 |
---------------+----------+-----
Stealth        | 1 |  1.5
Dodging        | 1 |  1.2
Axes           | 2 |  2.0
Fighting       | |  3.6
Throwing       | |  0.8
Armour         | |  2.5
Spellcasting   | |  0.7
Conjurations   | |  0.2
Invocations    | |  2.4

Action                   |  1- 3 |  4- 6 || total
-------------------------+-------+-------++-------
Melee: Hand axe          |   150 |     2 ||   152
Throw: Stone             |     2 |       ||     2
  Use: Scroll            |       |     6 ||     6
 Stab: Sleeping          |     2 |       ||     2
  Eat: Chunk             |     2 |       ||     2
       Ration            |     1 |       ||     1
Armor: Leather armour    |    58 |       ||    58
       Ring mail         |    16 |     1 ||    17
Dodge: Dodged            |   115 |     4 ||   119
